Cogmind - Beta 14 @@@ ROGUE MODE // 2024.08.14 @ 04:56:42 Player: Asmo Result: Destroyed by G-47 Trooper with Particle Gun Performance ------------- Evolutions (0) 0 Regions Visited (1) 200 Robots Destroyed (13) 65 Value Destroyed (268) 268 Prototype IDs (0) 0 Alien Tech Used (0) 0 Bonus (0) 0 TOTAL SCORE: 533 Bonus ------- None Cogmind --------- Core Integrity 0/250 Matter 400/400 Energy 250/250 System Corruption 0% Temperature Cool (15) Movement Core (250) Ox4 Location -10/Materials Parts ------- > --- POWER (1) -------- Ion Engine > --- PROPULSION (2) --- (None) > --- UTILITY (2) ------ Small Storage Unit Medium Matter Pod > --- WEAPON (2) ------- Light Assault Rifle > --- INVENTORY (8) ---- Light Ion Engine Aluminum Leg Aluminum Leg Flight Unit Heat Sink Light Assault Rifle Mining Laser Peak State ------------ > --- POWER ------------ Ion Engine > --- PROPULSION ------- Wheel Wheel > --- UTILITY ---------- Heat Sink Medium Matter Pod > --- WEAPON ----------- Assault Rifle Light Assault Rifle > --- INVENTORY -------- Aluminum Leg Hover Unit Heat Sink Mining Laser [Rating: 7] Favorites ----------- Power Ion Engine Engine Ion Engine Propulsion Wheel Leg Aluminum Leg Wheel Wheel Hover Unit Hover Unit Flight Unit Flight Unit Utility Medium Matter Pod Device Heat Sink Storage Medium Matter Pod Weapon Light Assault Rifle Energy Gun EM Pulse Gun Ballistic Gun Light Assault Rifle Build | -11 -10 ------- Run | Yrd Mat Slots Evolved . | . . Power . | . . Propulsion . | . . Utility . | . . Weapon . | . . Parts Attached 20 | 11 9 Power 2 | 1 1 Engine 2 | 1 1 Core . | . . Reactor . | . . Propulsion 11 | 7 4 Treads . | . . Leg 2 | 2 . Wheel 6 | 5 1 Hover 1 | . 1 Flight 2 | . 2 Utility 3 | 1 2 Device 1 | . 1 Storage 2 | 1 1 Processor . | . . Hackware . | . . Protection . | . . Artifact . | . . Weapon 4 | 2 2 Energy Gun 1 | 1 . Energy Cannon . | . . Ballistic Gun 3 | 1 2 Ballistic Cannon . | . . Launcher . | . . Special Weapon . | . . Impact Weapon . | . . Slashing Weapon . | . . Piercing Weapon . | . . Special Melee Weapon . | . . Unidentified Prototypes . | . . Parts Lost 6 | . 6 Power 1 | . 1 Propulsion 3 | . 3 Utility . | . . Weapon 2 | . 2 Highest Loss Streak 2 | . 2 To Critical Strikes . | . . Average Slot Usage (%) 79 | . 79 Engine 11 | . 11 Wheel 18 | . 18 Hover 1 | . 1 Flight 3 | . 3 Device 1 | . 1 Storage 19 | . 19 Energy Gun 1 | . 1 Ballistic Gun 19 | . 19 Peak Build Rating 7 | 6 7 Average Rating 5 | 4 5 On Entrance 3 | . 6 Naked Turns . | . . Heaviest Build 15 | 8 15 Greatest Support 20 | 20 20 Greatest Overweight (x) 4 | . 4 Average Overweight (x) . | . . Largest Inventory Capacity 8 | 5 8 Average Capacity 5 | 5 6 Most Carried 8 | 5 8 Average Carried 4 | 3 5 Final Capacity 8 | 5 8 Final Carried 7 | 5 7 Class Distribution -------------------- 72% | Mutant 27% | Scavenger-Mutant Dominant Class ---------------- Mutant | -10/Materials Resources | -11 -10 ----------- Run | Yrd Mat Matter Collected 632 | 393 239 Remotely . | . . Salvage Created 457 | 107 350 Parts 31 | 8 23 Haulers Intercepted . | . . Recyclers Shooed . | . . Parts Field Recycled . | . . Retrieved Matter . | . . Parts Self-Destructed . | . . Prevented . | . . Kills | -11 -10 ------- Run | Yrd Mat Combat Hostiles Destroyed 9 | 1 8 Guns 9 | 1 8 Classes Destroyed 5 | 3 2 Worker 1 | 1 . Tunneler 2 | 2 . Recycler 1 | . 1 Swarmer 3 | . 3 Grunt 6 | 1 5 Best Kill Streak 3 | 1 3 Combat Bots Only 2 | 1 2 Max Kills in Single Turn 1 | 1 1 Gunslinging . | . . Exploded . | . . Melee . | . . Uniques/NPCs Destroyed . | . . Combat | -11 -10 -------- Run | Yrd Mat Hostile Shots Fired 88 | 11 77 Missed 23 | 3 20 Damage Taken 725 | 89 636 Core 251 | 33 218 Absorbed by Shields . | . . Core Remaining (%) 86 | 86 . Volleys Fired 67 | 21 46 Largest 2 | 2 2 Hottest 60 | 60 60 Shots Fired 110 | 41 69 Gun 110 | 41 69 Cannon . | . . Launcher . | . . Special . | . . Kinetic 85 | 20 65 Thermal . | . . Explosive . | . . Electromagnetic 25 | 21 4 Robot Hit Streak 7 | 5 7 Robot Miss Streak 5 | 3 5 Penetration Max . | . . Secondary Targets 1 | . 1 Max Gunslinging Chain 1 | . 1 Shots Hit Robots 59 | 22 37 Core Hits 22 | 6 16 Critical Kills 1 | . 1 Critical Parts Destroyed . | . . Critical Strikes 1 | . 1 Destroy 1 | . 1 Melee Attacks . | . . Impact . | . . Slashing . | . . Piercing . | . . Sneak Attacks . | . . Combat Hostiles . | . . Follow-up Attacks . | . . Damage Inflicted 683 | 267 416 Guns 683 | 267 416 Cannons . | . . Explosions . | . . Melee . | . . Ramming . | . . Kinetic 472 | 86 386 Thermal . | . . Explosive . | . . Electromagnetic 211 | 181 30 Impact . | . . Slashing . | . . Piercing . | . . Highest Corruption . | . . Average Corruption . | . . Corruption Purged . | . . Corruption Blocked . | . . Overload Shots . | . . Overflow Damage . | . . Projectiles . | . . Explosions . | . . Melee . | . . Knockbacks . | . . Impact . | . . Kinetic . | . . Secondary . | . . Self-Inflicted Damage . | . . Shots . | . . Rammed . | . . Targets Rammed . | . . Kicked . | . . Crushed . | . . Highest Temperature 76 | 76 28 Average Temperature 23 | 30 12 Received Heat Transfer 363 | 48 315 Siege Activations . | . . Robots Corrupted . | . . Combat Hostiles . | . . Parts Fried 1 | 1 . Impact Corruptions . | . . Robots Melted . | . . Combat Hostiles . | . . Parts Melted . | . . Heat Transferred . | . . Parts Sabotaged . | . . Parts Stolen . | . . Parts Stripped . | . . Power Chain Reactions . | . . Alert | -11 -10 ------- Run | Yrd Mat Peak Influence 237 | 35 237 Initial 22 | . 22 Average 88 | 14 135 Maximum Alert Level 1 | . 1 Low Security (%) 79 | 100 65 Level 1 20 | . 34 Level 2 . | . . Level 3 . | . . Level 4 . | . . Level 5 . | . . High Security . | . . Max Security . | . . Squads Dispatched 1 | . 1 Investigation . | . . Extermination . | . . Reinforcement 1 | . 1 Assault . | . . Garrison . | . . Intercept . | . . Searches Triggered . | . . Construction Impeded . | . . Haulers Reinforced . | . . Active Scanning Responses . | . . Cargo Convoy Interrupts . | . . Stealth | -11 -10 --------- Run | Yrd Mat Distress Signals . | . . Communications Jammed . | . . Distress Signals . | . . Times Spotted 19 | 1 18 Peak Tracking Total 4 | 1 4 Tactical Retreats 2 | . 2 Traps | -11 -10 ------- Run | Yrd Mat Traps Triggered . | . . Indirectly . | . . Trap Hack Attempts . | . . Triggered . | . . Disarmed . | . . Reprogrammed . | . . Reused . | . . Traps Extracted . | . . Installed . | . . Triggered . | . . Machines | -11 -10 ---------- Run | Yrd Mat Machines Disabled . | . . Max in Single Turn . | . . Machines Repaired . | . . Machines Dismantled . | . . Machines Sabotaged . | . . Overloaded Fab Kills . | . . Hacking | -11 -10 --------- Run | Yrd Mat Machines Accessed 1 | . 1 Terminals 1 | . 1 Fabricators . | . . Repair Stations . | . . Recycling Units . | . . Scanalyzers . | . . Garrison Access . | . . Total Hacks 3 | . 3 Successful . | . . Failed 3 | . 3 Catastrophic 2 | . 2 Database Lockouts . | . . Manual . | . . Terminals 3 | . 3 Fabricators . | . . Repair Stations . | . . Recycling Units . | . . Scanalyzers . | . . Garrison Access . | . . Terminal Hacks . | . . Fabricator Hacks . | . . Repair Station Hacks . | . . Recycling Unit Hacks . | . . Scanalyzer . | . . Garrison Access Hacks . | . . Unauthorized Hacks . | . . Terminals . | . . Fabricators . | . . Repair Stations . | . . Recycling Units . | . . Scanalyzers . | . . Garrison Access . | . . Data Cores Recovered . | . . Used . | . . Hacking Detections 1 | . 1 Full Trace Events . | . . Feedback Events . | . . Feedback Blocked . | . . Robot Schematics Acquired . | . . Robots Built . | . . Authchips . | . . Time . | . . Total Robot Build Rating . | . . Part Schematics Acquired . | . . Parts Built . | . . Authchips . | . . Time . | . . Total Part Build Rating . | . . Parts Repaired . | . . Time . | . . Parts Recycled . | . . Recycled Matter . | . . Retrieved Matter . | . . Retrieved Components . | . . Parts Scanalyzed . | . . Part Schematics Acquired . | . . Parts Damaged . | . . Bothacking | -11 -10 ------------ Run | Yrd Mat Used RIF Installer . | . . Robots Hacked . | . . Non-combat . | . . Combat . | . . Robot Hacks Applied . | . . Relay Couplers Released . | . . Fabnet Peak Effective % . | . . Robots Rewired . | . . Allies Hacked . | . . Hacks Repelled . | . . Allies | -11 -10 -------- Run | Yrd Mat Total Allies . | . . Largest Group . | . . Highest-Rated Group . | . . Highest-Rated Ally . | . . Total Orders . | . . Ally Attacks . | . . Total Damage . | . . Kills . | . . Allies Corrupted . | . . Allies Melted . | . . Intel | -11 -10 ------- Run | Yrd Mat Robot Analysis Total . | . . Derelict Logs Recovered . | . . Drone Launches . | . . Drone Recoveries . | . . Exploration | -11 -10 ------------- Run | Yrd Mat Turns Passed 428 | 167 261 Spaces Moved 219 | 111 108 Core 35 | 17 18 Treads . | . . Legs . | . . Wheels 174 | 94 80 Hover 9 | . 9 Flight 1 | . 1 Fastest Speed 50 | 50 80 Average Speed 96 | 75 118 Slowest Speed 285 | 80 285 Overloaded Moves . | . . Propulsion Burnouts . | . . Robots Hopped . | . . Cave-ins Triggered . | . . Exploration Rate (%) 14 | 5 23 Regions Visited 1 Branch Regions . Pre-discovered Areas . | . . Known Exits Taken . | . . Unknown Exits Taken 1 | 1 . Scrap Searched . | . . Spaces Dug . | . . Terrain Destroyed . | . . Melee . | . . Projectile . | . . AOE . | . . Terrain Rammed . | . . Walls Destroyed . | . . Machines Disabled . | . . Actions | -11 -10 --------- Run | Yrd Mat Total 337 | 160 177 Wait . | . . Move 218 | 110 108 Hop . | . . Pick Up 21 | 12 9 Fast Attach 2 | . 2 Attach 14 | 11 3 Detach 5 | 5 . Swap 4 | . 4 Drop 6 | 1 5 Fire 67 | 21 46 Melee . | . . Ram . | . . Kick . | . . Crush . | . . Escape Stasis . | . . Rewire . | . . Trap . | . . Miscellaneous . | . . Route ------- -11/Scrapyard -10/Materials (discovered 2 exits: [*Min x2]) History --------- Turn | Location | Event 2 | -11/Scrapyard | Met Revision 17 69 | -11/Scrapyard | Discovered new exit (range 8) 168 | -11/Scrapyard | Entered Materials 305 | -10/Materials | Discovered new exit (range 8) 318 | -10/Materials | Core integrity fell below 50% 415 | -10/Materials | Discovered new exit (range 16) 424 | -10/Materials | Core integrity fell below 20% 429 | -10/Materials | Destroyed by G-47 Trooper with Particle Gun Last Messages --------------- Flying robots can pass through spaces occupied by others, even hostile robots. 00350_ Acquired Flight Unit. 00352_ Dropped Wheel. 00352_ R-06 Scavenger collects Flight Unit. 00353_ Dropped Wheel. 00355_ Acquired 17 matter. 00356_ R-06 Scavenger collects Lgt. Ion Engine. 00360_ R-06 Scavenger collects Flight Unit. 00363_ R-06 Scavenger collects Wheel. 00364_ S-10 Pest suffers critical hit (Destroy). 00364_ S-10 Pest destroyed. 00369_ Acquired 15 matter. 00373_ Acquired Lgt. Assault Rifle. 00374_ K-01 Serf collects debris. 00378_ Critical hit (Burn: +37). 00384_ Hover Unit destroyed. 00406_ Flight Unit destroyed. 00415_ EXIT=FOUND 00423_ K-01 Serf collects debris. [Achievement: First Step to Greatness] Map ----- +----------------------------------------------------+ | ?????????????????????????????????????????????????? | | ?????????????????????????????????????????????????? | | ?????????????????????????????????????????????????? | | ?????????????????????????????????????????????????? | | ?????????????????????????????????????????????????? | | ???????????#+????????????????????????????????????? | | ???????????# ????????????????????????????????????? | | ???????????# ????????????????????????????????????? | | ???????????# ??????????? #???????????????????????? | | ############ ##########+#????????????????????????? | | ? ^ ?????????????????????????? | | ? ???????????????????????????? | | ?? ?????????????????????????????? | | ???????# ^^ #??????????????????????????????? | | ???????# ^ #??????????????????????????????? | | ???????+ %=#??????????????????????????????? | | ???????##########=#??????????????????????????????? | | ?????????????####+###????????????????????????????? | | ?????????????# *%[ #????????????????????????????? | | ?????????????# #????????????????????????????? | | ?????????????# #????????????????????????????? | | ?????????????# """ #????????????????????????????? | | ?????????????# """ #????????????????????????????? | | ?????????????# """*!#########????????????????????? | | ?????????????#####+## ##### #??????????? | | ############ %g! @ ????????? | | u k g < < ????????? | | ????????? | | "T" %##" "##### ##?????????? | | ####### [##" |"| "#??????? #??????????? | | #??????# ##"""""""#????????????????????? | | #??????# """"%=##########????????????????????? | | #??????# """"= ##????????????????????????????? | | +??????# """" #????????????????????????????? | | #??????# #????????????????????????????? | | #??????# +????????????????????????????? | | ######## #????????????????????????????? | | #????????????????????????????? | | #######????????????????????????????? | | "T" #??????????????????????????????????? | | """ #??????????????????????????????????? | | """ #??????????????????????????????????? | | """ #??????????????????????????????????? | | """ #??????????????????????????????????? | | """ #??????????????????????????????????? | | % #??????????????????????????????????? | | #??????????????????????????????????? | | ######+#### #??????????????????????????????????? | | ??????????# ???????????????????????????????? | | ??????????+ ????????????????????????????? | +----------------------------------------------------+ Best States ------------- Heat Dissipation 35 Energy Generation 10 Energy Capacity 250 Matter Stores 400 Matter Capacity 400 Sight Range 16 Terrain Scan Density 10 Evasion (%) 50 Item Schematics ----------------- None Robot Schematics ------------------ None Fabricated ------------ Nothing Alien Tech Used ----------------- None Achievements -------------- First Step to Greatness Storm Trooper Uninvited Guest Challenges ------------ None Game ------ Seed ScanAnalysisGun Manual? 0 Play Time 00:18:37 Cumulative 0.2 hours Start 2024.08.14 @ 04:37:58 End 2024.08.14 @ 04:56:42 Sessions 1 Manual Loads 0 Difficulty Rogue Special Mode None Game No. 2 Rogue 2 Adventurer 0 Explorer 0 Win Type - Total 0 Types 0/0/0/0/0/0/0/0/0 Lore% 0 Gallery% 1 Achievement% 1 Wizard Run 0 Options --------- Layout 1 ASCII 0 Keyboard 0 Movement Mouse Keybinds 0 Fullscreen 1 Font 42/SmallcapsGlow Map View 150x39 Zoom Use 0% Tactical HUD 1 Map Filters NONE Filters NONE Steam 1 RUN: 9a461d80-34a7-4cc5-845d-6dbbbb9110e6